Map: Emerald City LE

Players

Massa

  • Race: Terran Terran
  • League: Gold
  • Spawn Location: 11:00

qqq

  • Race: Zerg Zerg
  • League: Platinum
  • Spawn Location: 11:00

embsysICE - Winner!

  • Race: Protoss Protoss
  • League: Diamond
  • Spawn Location: 5:00

ImpuLse - Winner!

  • Race: Protoss Protoss
  • League: Diamond
  • Spawn Location: 5:00

VOD

Have the link to the VOD?

Description

Time

  • Played on: July 30, 2020, 7:23 a.m.
  • Length: 14:21
Show
View Real Time Build Order
Export as new Build Order

Massa Terran 

Build Orders:  

Get SALT Encoding   

  12  0:01  SCV  
  13  0:13  SCV  
  14  0:22  Supply Depot  
  14  0:25  SCV  
  15  0:32  Refinery  
  15  0:44  SCV  
  15  0:47  Barracks  
  16  0:56  SCV  
  17  1:08  SCV  
  18  1:20  SCV  
  19  1:32  SCV  
  19  1:44  SCV  
  20  1:56  SCV  
  21  2:04  Factory  
  21  2:05  Command Center  
  21  2:06  Reaper  
  22  2:09  Supply Depot  
  22  2:18  Orbital Command  
  22  2:50  Barracks Tech Lab, Supply Depot  
  22  2:57  Barracks  
  22  2:58  SCV, Factory Reactor  
  23  3:10  SCV  
  24  3:21  Marauder  
  24  3:22  SCV  
  26  3:27  Stimpack  
  26  3:28  SCV  
  27  3:35  SCV  
  27  3:40  Widow Mine x2, SCV  
  33  3:43  Marauder  
  33  3:47  SCV  
  37  3:57  Refinery  
  37  3:59  Refinery, SCV, Orbital Command  
  37  4:02  Widow Mine x2, Barracks Tech Lab  
  41  4:10  Engineering Bay  
  41  4:11  SCV  
  41  4:12  Supply Depot  
  41  4:15  Supply Depot  
  42  4:18  Refinery  
  44  4:24  Hellion  
  44  4:25  Hellion  
  46  4:33  SCV x2  
  48  4:46  SCV x2  
  48  4:51  Hellion  
  52  4:55  Marauder, Marine  
  52  4:58  SCV x2  
  57  5:09  Starport, Missile Turret  
  57  5:10  SCV x2  
  59  5:22  Widow Mine x2, SCV x2  
  59  5:27  Missile Turret  
  65  5:34  SCV  
  66  5:43  Concussive Shells  
  66  5:45  Combat Shield  
  66  5:57  Marauder  
  66  5:58  Marauder  
  70  6:14  Medivac, Supply Depot x2  
  70  6:17  Supply Depot  
  69  6:18  Supply Depot  
  69  6:19  Marauder  
  69  6:25  Widow Mine  
  69  6:36  Widow Mine, Marauder  
  73  6:41  Marauder  
  73  6:44  Medivac  
  77  6:49  Missile Turret  
  76  6:57  Marauder  
  78  7:01  Marine  
  78  7:04  Barracks  
  77  7:18  Marine  
  77  7:19  Marine  
  68  7:36  Marine  
  52  7:37  Marine  
  44  7:54  Marine  
  44  7:55  Barracks Reactor, Marauder, Missile Turret  
  47  8:01  Widow Mine x2  
  47  8:05  Terran Infantry Weapons Level 1, Medivac  
  53  8:11  Armory  
  53  8:12  Marauder  
  53  8:17  Marauder  
  55  8:22  Widow Mine x2, SCV  
  55  8:23  SCV  
  61  8:27  Command Center  
  61  8:34  Marauder  
  63  8:35  SCV x2, Medivac  
  63  8:36  Missile Turret  
  63  8:38  Marauder  
  69  8:41  Marine  
  69  8:42  Marine  
  69  8:47  SCV x2  
  73  8:55  Marauder  
  75  8:59  Marine  
  75  9:00  Marauder, Marine  
  75  9:02  Widow Mine x2  
  79  9:16  Marauder  
  81  9:17  Marine x2  
  81  9:20  SCV  
  81  9:21  SCV, Marauder  
  81  9:24  Widow Mine x2  
  91  9:33  SCV x2  
  91  9:35  Marine x2  
  91  9:37  Engineering Bay, Marine  
  96  9:42  Marauder  
  96  9:45  SCV x2  
  100  9:53  Marine  
  100  9:57  SCV x2  
  103  10:06  Marauder x2  
  107  10:07  Marine  
  107  10:09  SCV x2  
  107  10:10  Marine  
  107  10:11  Factory  
  111  10:19  Command Center  
  112  10:21  SCV x2  
  112  10:22  Hellbat x2  
  117  10:36  Orbital Command  
  117  10:49  Supply Depot  
  117  10:53  Hellbat, Supply Depot x2  
  117  10:54  Supply Depot  
  117  10:56  Supply Depot  
  117  11:00  Starport Reactor  
  117  11:11  Marauder x2, Marine x2, Hellbat  
  125  11:15  Supply Depot, Hellbat  
  125  11:16  Supply Depot  
  125  11:18  Supply Depot  
  127  11:28  Marine x2  
  124  11:33  Marauder  
  120  11:40  Factory Tech Lab, Supply Depot  
  120  11:46  Marine  
  119  11:54  Marauder  
  119  12:03  Orbital Command, Supply Depot  
  119  12:05  SCV, Command Center  
  119  12:06  SCV x2  
  122  12:11  Thor  
  122  12:15  Marauder, Thor  
  136  12:17  SCV  
  136  12:18  SCV x2  
  131  12:28  Marine x4  
  131  12:29  SCV  
  122  12:30  SCV x2  
  122  12:36  Marine  
  125  12:42  SCV x2  
  128  12:46  Marine x4  
  119  12:54  SCV x2, Marine, Thor  
  119  12:58  Missile Turret, Thor  
  130  13:04  Marine x4  
  134  13:11  Missile Turret  
  134  13:12  Marine  
  135  13:13  Missile Turret  
  135  13:15  Missile Turret  
  135  13:18  Missile Turret  
  108  13:21  Marine  
  108  13:22  Marine x3  
  110  13:29  Orbital Command  
  110  13:30  Marine  
  110  13:32  SCV, Missile Turret  
  110  13:33  SCV x2, Missile Turret  
  114  13:38  Missile Turret  
  114  13:39  Marine  
  114  13:40  Marine x3  
  130  13:44  SCV  
  130  13:45  SCV x2  
  130  13:46  Command Center  
  130  13:47  Marine  
  95  13:57  SCV x2, Marine x2  
  95  13:58  Marine x2, Missile Turret  
  101  14:09  SCV x2  
  72  14:18  Missile Turret  
Show
View Real Time Build Order
Export as new Build Order

qqq Zerg 

Build Orders: Hatch First 

Get SALT Encoding   

  12  0:01  Drone  
  13  0:11  Drone  
  14  0:36  Hatchery  
  13  0:54  Spawning Pool  
  13  0:56  Drone  
  13  1:04  Overlord  
  13  1:07  Extractor  
  12  1:13  Drone  
  12  1:18  Drone  
  14  1:27  Drone  
  14  1:31  Drone  
  16  1:50  Drone x2  
  16  1:51  Drone  
  16  1:53  Queen  
  21  2:13  Drone x2  
  21  2:14  Drone x2  
  25  2:16  Metabolic Boost  
  25  2:24  Queen  
  27  2:31  Drone  
  27  2:34  Overlord  
  28  2:43  Overlord  
  28  2:53  Zergling x6  
  28  2:54  Drone  
  32  2:59  Drone  
  32  3:05  Drone  
  34  3:12  Zergling x6  
  37  3:16  Zergling x2  
  38  3:26  Zergling x2  
  38  3:27  Zergling x2  
  40  3:38  Zergling x8  
  44  3:43  Overlord  
  44  3:44  Overlord  
  44  3:51  Hatchery  
  44  3:54  Zergling x2  
  44  3:56  Overlord x2  
  42  4:18  Zergling x8  
  42  4:19  Drone x4  
  42  4:24  Roach Warren  
  49  4:29  Drone  
  49  4:30  Drone x2  
  49  4:31  Drone  
  53  4:41  Drone  
  53  4:43  Drone, Extractor  
  54  4:48  Lair  
  54  4:51  Zergling x2  
  55  5:05  Spore Crawler  
  55  5:07  Spore Crawler  
  53  5:11  Drone x2  
  53  5:12  Roach x3  
  53  5:13  Drone  
  64  5:14  Roach x3  
  68  5:25  Drone x3  
  71  5:31  Roach  
  60  6:10  Roach  
  60  6:11  Roach x4  
  66  6:16  Hydralisk Den  
  65  6:20  Extractor  
  65  6:23  Drone x2  
  66  6:26  Overlord x4  
  66  6:32  Glial Reconstitution  
  66  6:36  Hatchery  
  66  6:38  Spore Crawler  
  62  6:50  Queen  
  62  6:51  Hydralisk x6  
  76  6:55  Lurker Den  
  76  6:57  Zergling x6  
  76  6:58  Zergling x2  
  76  7:00  Drone x2  
  76  7:01  Drone, Overlord  
  81  7:04  Drone  
  83  7:16  Zergling x4  
  83  7:17  Zergling x2  
  83  7:18  Zergling x2  
  87  7:23  Grooved Spines  
  69  7:46  Hydralisk x2  
  69  7:47  Hydralisk x2  
  77  7:54  Hydralisk  
  77  7:56  Drone  
  77  7:57  Drone x7  
  87  8:00  Extractor  
  86  8:07  Drone  
  86  8:08  Drone x2  
  89  8:12  Spore Crawler  
  89  8:14  Hydralisk  
  90  8:22  Evolution Chamber  
  90  8:24  Evolution Chamber  
  88  8:28  Hydralisk  
  88  8:29  Hydralisk  
  88  8:32  Hatchery  
  88  8:33  Lurker  
  92  8:34  Muscular Augments  
  92  8:36  Lurker  
  92  8:39  Drone x3  
  96  8:44  Drone  
  96  8:45  Drone x6  
  103  8:48  Overlord  
  103  8:58  Zerg Melee Weapons Level 1  
  76  9:22  Drone x2  
  76  9:23  Drone  
  78  9:25  Spine Crawler  
  78  9:29  Zerg Ground Armor Level 1  
  78  9:30  Hydralisk  
  78  9:31  Hydralisk x2  
  79  9:33  Zergling x10  
  88  9:40  Drone  
  88  9:41  Drone, Spore Crawler  
  88  9:43  Spine Crawler  
  88  9:46  Drone  
  88  9:48  Spore Crawler  
  88  9:49  Spine Crawler  
  88  9:52  Drone  
  88  9:53  Drone  
  88  9:55  Drone  
  88  9:56  Drone  
  88  9:59  Overseer  
  91  10:18  Hydralisk x4  
  91  10:20  Zergling x6  
  91  10:21  Drone x3  
  104  10:22  Drone  
  104  10:24  Extractor  
  105  10:29  Drone  
  106  10:40  Roach x2  
  106  10:41  Zergling x6, Roach x2  
  115  11:00  Drone x2  
  115  11:02  Overlord x5  
  109  11:20  Overlord x4  
  109  11:25  Overlord  
  109  11:26  Overlord  
  109  11:46  Hydralisk x4  
  109  11:47  Hydralisk  
  111  11:48  Roach x4  
  127  11:55  Zerg Melee Weapons Level 2  
  127  11:57  Infestation Pit  
  127  11:59  Zerg Missile Weapons Level 1  
  126  12:06  Drone x2  
  126  12:08  Spore Crawler  
  127  12:11  Spine Crawler  
  127  12:13  Drone x2, Spine Crawler  
  127  12:15  Drone  
  77  12:46  Hydralisk x5  
  77  12:47  Hydralisk x3  
  77  12:48  Zergling x2  
  77  12:49  Zergling x8  
  96  13:01  Spore Crawler x3  
  96  13:03  Spore Crawler  
  91  13:08  Spine Crawler x2  
  70  13:17  Drone  
  70  13:18  Drone  
  70  13:19  Drone x2  
  61  13:28  Drone  
  61  13:29  Drone  
  61  13:31  Drone  
  51  13:43  Drone x2  
  51  13:44  Drone  
Show
View Real Time Build Order
Export as new Build Order

embsysICE Protoss - Winner!

Build Orders: 1 Gate Expand, Blink Stalkers, Zealot Archon, Colossus Rush 

Get SALT Encoding   

  12  0:00  Probe  
  13  0:12  Probe  
  14  0:19  Pylon  
  14  0:24  Probe  
  15  0:37  Probe (Chrono Boost), Gateway  
  16  0:47  Assimilator  
  16  0:49  Probe (Chrono Boost)  
  17  0:54  Probe (Chrono Boost)  
  18  1:03  Probe  
  19  1:15  Probe  
  20  1:26  Nexus  
  20  1:33  Cybernetics Core  
  20  1:41  Pylon  
  20  1:43  Probe  
  21  1:51  Assimilator  
  21  1:55  Probe  
  22  2:06  Stalker (Chrono Boost)  
  22  2:08  Probe  
  23  2:12  Warp Gate  
  25  2:20  Probe  
  26  2:29  Adept  
  28  2:34  Probe (Chrono Boost)  
  29  2:39  Probe (Chrono Boost)  
  31  2:47  Twilight Council, Shield Battery  
  31  2:48  Probe (Chrono Boost)  
  31  2:49  Probe (Chrono Boost)  
  32  2:56  Probe (Chrono Boost)  
  32  2:57  Probe (Chrono Boost)  
  35  3:06  Gateway  
  35  3:08  Probe (Chrono Boost)  
  35  3:13  Probe  
  35  3:17  Probe  
  37  3:26  Probe, Blink (Chrono Boost)  
  38  3:28  Gateway  
  38  3:32  Assimilator  
  38  3:37  Probe  
  38  3:40  Pylon  
  39  3:44  Probe  
  40  3:51  Probe  
  40  3:52  Robotics Facility  
  41  3:56  Probe  
  41  4:01  Pylon  
  42  4:03  Probe  
  42  4:09  Pylon  
  43  4:11  Adept  
  43  4:12  Adept  
  48  4:17  Probe  
  48  4:26  Assimilator  
  48  4:28  Gateway  
  48  4:31  Gateway, Pylon  
  48  4:33  Sentry  
  48  4:34  Adept  
  48  4:35  Shield Battery  
  48  4:36  Zealot  
  54  4:48  Gateway  
  54  4:49  Probe x2  
  56  4:55  Forge  
  56  4:56  Zealot  
  56  4:57  Zealot  
  60  5:00  Charge (Chrono Boost)  
  60  5:09  Pylon  
  60  5:11  Probe  
  61  5:15  Zealot  
  61  5:18  Zealot x2  
  67  5:30  Templar Archives  
  67  5:31  Photon Cannon  
  67  5:38  Zealot  
  67  5:39  Photon Cannon  
  67  5:53  Colossus  
  66  6:01  Psionic Storm  
  63  6:06  Probe  
  63  6:07  Probe  
  65  6:17  Zealot x3  
  71  6:18  Probe  
  71  6:19  Probe  
  71  6:20  Zealot  
  75  6:31  Probe x2  
  77  6:34  Protoss Ground Weapons Level 1  
  77  6:41  High Templar  
  77  6:42  High Templar x3  
  77  6:44  Gateway  
  77  6:47  Archon x2  
  85  6:58  Pylon  
  85  6:59  Pylon  
  85  7:05  Pylon  
  85  7:10  Warp Prism (Chrono Boost)  
  83  7:15  Probe  
  83  7:16  Probe  
  67  7:47  Zealot x7  
  67  7:48  Immortal (Chrono Boost)  
  83  7:52  Pylon  
  83  7:55  Pylon  
  83  8:15  Forge  
  83  8:17  Gateway  
  83  8:18  Observer  
  83  8:22  High Templar x3  
  83  8:23  High Templar x4  
  98  8:33  Archon x2  
  98  8:34  Archon  
  98  8:38  Nexus  
  98  8:42  Pylon  
  98  8:54  Zealot  
  98  8:55  Zealot x4  
  108  9:15  Protoss Ground Weapons Level 2 (Chrono Boost)  
  94  9:17  Immortal (Chrono Boost)  
  94  9:27  Robotics Bay  
  94  9:33  Protoss Ground Armor Level 1 (Chrono Boost)  
  94  9:34  Photon Cannon  
  94  9:37  Photon Cannon  
  94  9:39  Photon Cannon  
  94  9:49  Zealot x3  
  100  9:56  Shield Battery  
  100  10:01  Probe  
  100  10:02  Probe  
  100  10:04  Probe  
  103  10:10  Zealot x3  
  103  10:14  Probe  
  110  10:15  Probe  
  111  10:24  Probe  
  111  10:25  Shield Battery  
  111  10:26  Probe  
  111  10:27  Zealot x2  
  117  10:28  Zealot  
  117  10:32  Zealot  
  121  10:51  Zealot x4  
  121  10:52  Zealot x3  
  135  11:18  Zealot x4  
  139  11:19  Zealot x3  
  149  11:28  Pylon  
  149  11:30  Pylon  
  149  11:32  Pylon  
  145  11:35  Pylon  
  145  11:45  Pylon x2  
  145  11:47  Pylon  
  145  11:48  Gateway  
  145  11:49  Assimilator x2  
  145  11:51  Gateway, Disruptor (Chrono Boost)  
  145  11:56  Protoss Ground Armor Level 2 (Chrono Boost)  
  138  12:05  Zealot x3  
  138  12:06  High Templar x3  
  138  12:07  High Templar x2  
  154  12:10  Archon  
  154  12:11  Archon  
  154  12:20  Observer (Chrono Boost)  
  145  12:24  Nexus  
  145  12:27  Pylon  
  145  12:29  Assimilator  
  145  12:35  Assimilator  
  145  12:39  Observer (Chrono Boost)  
  146  12:53  Observer  
  139  13:21  Zealot x3  
  139  13:22  Zealot x7  
  159  13:29  Warp Prism  
  138  14:19  Zealot x3  
  138  14:20  Zealot x7  
Show
View Real Time Build Order
Export as new Build Order

ImpuLse Protoss - Winner!

Build Orders: Phoenix Opening, Carriers, Mass Phoenix 

Get SALT Encoding   

  12  0:00  Probe  
  13  0:13  Probe  
  14  0:17  Pylon  
  14  0:25  Probe (Chrono Boost)  
  15  0:36  Gateway  
  15  0:40  Probe (Chrono Boost)  
  16  0:44  Assimilator  
  16  0:50  Probe  
  16  0:55  Assimilator  
  17  1:02  Probe  
  18  1:14  Probe (Chrono Boost)  
  19  1:25  Probe (Chrono Boost)  
  20  1:33  Cybernetics Core  
  20  1:42  Probe  
  20  1:44  Pylon  
  21  1:54  Probe  
  21  2:06  Probe, Nexus  
  22  2:10  Warp Gate  
  22  2:13  Sentry  
  24  2:20  Pylon  
  24  2:24  Probe  
  25  2:30  Pylon  
  25  2:36  Probe  
  26  2:42  Stargate  
  26  2:53  Shield Battery  
  26  2:56  Zealot  
  28  3:00  Probe  
  29  3:14  Probe (Chrono Boost)  
  30  3:23  Probe (Chrono Boost)  
  30  3:25  Probe (Chrono Boost)  
  32  3:28  Phoenix (Chrono Boost)  
  32  3:31  Probe (Chrono Boost)  
  32  3:34  Stargate  
  35  3:35  Probe (Chrono Boost)  
  35  3:36  Probe (Chrono Boost)  
  37  3:46  Probe  
  37  3:47  Probe  
  39  3:49  Phoenix  
  41  3:58  Probe, Adept  
  41  3:59  Probe  
  45  4:10  Probe  
  45  4:11  Void Ray (Chrono Boost)  
  50  4:22  Assimilator  
  50  4:26  Shield Battery, Assimilator  
  50  4:27  Pylon  
  50  4:35  Zealot  
  50  4:37  Phoenix  
  54  4:42  Probe (Chrono Boost)  
  56  4:47  Probe (Chrono Boost)  
  56  4:50  Phoenix  
  59  4:53  Probe (Chrono Boost)  
  59  4:57  Probe (Chrono Boost)  
  59  4:58  Probe (Chrono Boost)  
  61  5:06  Probe, Phoenix, Pylon  
  64  5:10  Probe  
  65  5:18  Probe (Chrono Boost)  
  65  5:20  Phoenix  
  68  5:27  Gateway  
  70  5:28  Probe (Chrono Boost)  
  70  5:29  Protoss Air Weapons Level 1  
  70  5:30  Probe (Chrono Boost)  
  70  5:31  Pylon  
  70  5:35  Probe (Chrono Boost)  
  71  5:36  Probe (Chrono Boost)  
  72  5:45  Zealot  
  72  5:47  Probe  
  75  5:59  Phoenix x2  
  79  6:08  Probe x2  
  79  6:20  Probe  
  80  6:30  Phoenix x2  
  84  6:55  Phoenix  
  84  7:01  Fleet Beacon  
  86  7:03  Pylon  
  86  7:05  Pylon  
  86  7:07  Pylon  
  86  7:09  Pylon  
  86  7:14  Pylon  
  86  7:15  Pylon  
  86  7:21  Phoenix  
  88  7:23  Nexus  
  87  7:41  Phoenix  
  89  7:46  Phoenix  
  91  7:53  Pylon  
  90  7:59  Stargate  
  90  8:01  Probe x2  
  92  8:07  Carrier  
  92  8:11  Carrier, Stargate  
  104  8:13  Probe x2  
  104  8:15  Anion Pulse-Crystals (Chrono Boost)  
  106  8:28  Probe x2  
  106  8:31  Pylon  
  106  8:33  Pylon  
  108  8:35  Pylon  
  108  8:40  Probe  
  109  8:43  Carrier  
  115  8:49  Assimilator  
  115  8:50  Assimilator  
  115  8:55  Protoss Air Armor Level 1  
  115  9:28  Carrier (Chrono Boost)  
  121  9:44  Nexus  
  121  9:45  Pylon  
  121  9:47  Pylon  
  121  9:49  Shield Battery  
  121  9:51  Shield Battery  
  121  9:52  Shield Battery  
  127  9:53  Carrier (Chrono Boost)  
  127  9:57  Pylon  
  127  10:08  Probe  
  127  10:10  Carrier x2 (Chrono Boost)  
  140  10:38  Carrier  
  146  10:43  Carrier, Zealot x2  
  156  10:53  Stargate  
  156  10:55  Assimilator  
  156  10:57  Pylon, Assimilator  
  156  10:59  Pylon  
  156  11:01  Pylon  
  147  11:36  Carrier  
  149  11:50  Nexus  
  149  12:03  Carrier x4  
  173  13:00  Carrier (Chrono Boost)  
  173  13:03  Probe  
  174  13:11  Carrier (Chrono Boost)  
  180  13:15  Probe  
  196  13:21  Carrier (Chrono Boost)  
  196  13:22  Carrier x2 (Chrono Boost)  
  196  13:27  Probe  
  197  13:39  Shield Battery  
  197  13:40  Shield Battery  
  197  13:43  Shield Battery  
  197  13:44  Forge  
Tags
 
Add a new tag
Caveats
  • Supply blocks, unpowered buildings, or Contaminate may cause inaccurate times.
  • Supply counts are checked every 10 seconds.